 Dungeon Crawl Stone Soup version 0.30.0-30-g96aa6591b8 (webtiles) character file.

Game seed: 7085360419149894886

1765 AIAndy the Geomancer (level 9, -5/45 HPs)
             Began as a Gargoyle Earth Elementalist on June 28, 2023.
             Was an Initiate of Qazlal.
             Shot with a bolt by an orc warrior (24 damage)
             ... on level 7 of the Dungeon.
             The game lasted 00:23:03 (6073 turns).

AIAndy the Geomancer (Gargoyle Earth Elementalist)  Turns: 6073, Time: 00:23:04

Health: -5/45      AC: 10    Str: 12    XL:     9   Next: 7%
Magic:  13/20      EV: 11    Int: 20    God:    Qazlal [......]
Gold:   168        SH:  3    Dex: 14    Spells: 19/23 levels left

rFire   + . .        u - staff of air
rCold   . . .        C - +0 buckler
rNeg    + . .        y - +0 leather armour "Hiurphawui" {-Tele Harm Dex+4}
rPois   ∞            B - +0 helmet
rElec   +            (no cloak)
rCorr   .            (no gloves)
SInv    .            (no boots)
Will    .....        (no amulet)
Stlth   ++           c - ring of flight
HPRegen 0.27/turn    v - ring of protection from fire
MPRegen 0.17/turn

%: no teleportation, harm (+30% outgoing, +20% incoming)
@: flying
A: sickness immunity, AC +6, negative energy resistance 1, electricity
resistance, torment resistance 1, petrification resistance
a: Renounce Religion


You were on level 7 of the Dungeon.
You worshipped Qazlal.
Qazlal was noncommittal.
You visited 2 branches of the dungeon, and saw 8 of its levels.

You collected 392 gold pieces.
You spent 224 gold pieces at shops.

Inventory:

Hand Weapons
 f - a +0 spectral club
 o - a +0 short sword
 z - a +3 hand axe
Armour
 a - a +0 robe
 y - the +0 leather armour "Hiurphawui" (worn) {-Tele Harm Dex+4}
   (You bought it in a shop on level 5 of the Dungeon)

   Dex:       It affects your dexterity (+4).
   -Tele:     It prevents most forms of teleportation.
   Harm:      It increases damage dealt and taken.
 B - a +0 helmet (worn)
 C - a +0 buckler (worn)
Magical Staves
 u - a staff of air (weapon)
Jewellery
 c - a ring of flight (left hand)
 k - a ring of resist corrosion
 v - a ring of protection from fire (right hand)
Scrolls
 e - 2 scrolls of amnesia {unknown}
 g - 2 scrolls of enchant weapon {unknown}
 m - 3 scrolls of blinking {unknown}
 n - 6 scrolls of enchant armour {unknown}
 p - 2 scrolls of magic mapping {unknown}
 q - 2 scrolls of fog {unknown}
 t - 2 scrolls of poison {unknown}
 A - a scroll of teleportation {unknown}
Potions
 b - a potion of magic
 d - a potion of berserk rage
 h - 4 potions of heal wounds
 i - 2 potions of haste
 j - 4 potions of mutation
 l - a potion of flight
 r - a potion of cancellation
 s - a potion of brilliance
 w - 8 potions of curing
 x - a potion of resistance


   Skills:
 - Level 1.5 Dodging
 - Level 2.1 Stealth
 + Level 7.6 Spellcasting
 - Level 0.7 Transmutations
 + Level 10.3 Earth Magic


You had 19 spell levels left.
You knew the following spells:

 Your Spells              Type           Power      Damage    Failure   Level
a - Sandblast             Erth           96%        2d20      1%          1
b - Stone Arrow           Conj/Erth      56%        3d10      6%          3

Your spell library contained the following spells:

 Spells                   Type           Power      Damage    Failure   Level
 Passwall                 Tmut/Erth      24%        N/A       2%          2
 Petrify                  Tmut/Erth      29%        N/A       17%         4
 Leda's Liquefaction      Hex/Erth       14%        N/A       21%         4
 Ignite Poison            Fire/Tmut/Pois 8%         N/A       43%         3
 Call Canine Familiar     Summ           7%         N/A       45%         3
 Gell's Gravitas          Tloc           7%         N/A       45%         3
 Portal Projectile        Hex/Tloc       14%        N/A       45%         3
 Teleport Other           Tloc           7%         N/A       45%         3
 Freezing Cloud           Conj/Ice/Air   5%         6-21      99%         5
 Dispersal                Tloc           3%         N/A       100%        6
 Cigotuvi's Dreadful Rot  Necr/Pois/Air  Unusable   N/A       N/A         2

Dungeon Overview and Level Annotations

Branches:
Dungeon (7/15)             Temple (1/1) D:5

Altars:
Ashenzari
Cheibriados
Dithmenos
Elyvilon
Fedhas
Hepliaklqana
Kikubaaqudgha
Makhleb
Okawaru
Qazlal
Ru
Wu Jian
Zin
The Shining One

Shops:
D:5 [

Annotations:
D:5 Edmund


Innate Abilities, Weirdness & Mutations

You are immune to sickness and miasma.
Your stone body is resilient. (AC +6)
You are immune to poison.
You resist negative energy. (rN+)
You are resistant to electric shocks. (rElec)
You are resistant to unholy torment.
You are immune to petrification.


Message History

Aiming: Sandblast (safe; 1% risk of failure)
Press: ? - help, Shift-Dir - straight line, f - orc
Aim: an orc, wielding a +0 trident and wearing a +0 leather armour (85% to hit)
The blast of sand hits the orc.
The orc is moderately wounded.
The orc hits you from afar with a +0 trident.
Casting: Sandblast (safe; 1% risk of failure)
Confirm with . or Enter, or press ? or * to list all spells.
Aiming: Sandblast (safe; 1% risk of failure)
Press: ? - help, Shift-Dir - straight line, f/p - orc
Aim: an orc, wielding a +0 trident and wearing a +0 leather armour (moderately wounded, 85% to hit)
The blast of sand hits the orc!!
You kill the orc!
Qazlal accepts your kill.
The orc warrior unwields a +0 halberd.
The orc warrior wields a +0 arbalest.
The orc warrior shoots a bolt.
The bolt hits you!
Casting: Sandblast (safe; 1% risk of failure)
Confirm with . or Enter, or press ? or * to list all spells.
You can't see any susceptible monsters within range! (Use Z to cast anyway.)
The orc warrior shoots a bolt.
The bolt closely misses you.
Casting: Sandblast (safe; 1% risk of failure)
Confirm with . or Enter, or press ? or * to list all spells.
Aiming: Sandblast (safe; 1% risk of failure)
Press: ? - help, Shift-Dir - straight line, f - orc warrior
Aim: an orc warrior, wielding a +0 arbalest and wearing a +0 plate armour (85% to hit)
The blast of sand hits the orc warrior!
The orc warrior is moderately wounded.
The orc warrior shoots a bolt.
The bolt hits you!
* * * LOW HITPOINT WARNING * * *
You feel much better.
The orc warrior shoots a bolt.
The bolt hits you.
Casting: Sandblast (safe; 1% risk of failure)
Confirm with . or Enter, or press ? or * to list all spells.
Aiming: Sandblast (safe; 1% risk of failure)
Press: ? - help, Shift-Dir - straight line, f/p - orc warrior
Aim: an orc warrior, wielding a +0 arbalest and wearing a +0 plate armour (moderately wounded, 85% to hit)
The blast of sand hits the orc warrior!
The orc warrior is almost dead.
The orc warrior shoots a bolt.
The bolt hits you!!
Ouch! That really hurt!
You die...

..... ...> ...
... ####o# #....#
...###..>)#
#.......)@#
#...##....#
##...##....##.#
#.............#
..#).#...####.#
.........#### ..
######.....# ##
#####....###.....
#.....#### .#..


You could see an orc warrior.

Vanquished Creatures
  An acid dragon (D:6)
  A sky beast (D:4)
  3 black bears
  2 ogres
  2 centaurs (D:6)
  A phantom (D:5)
  A bullfrog (D:6)
  5 scorpions
  A howler monkey (D:6)
  An orc priest (D:5)
  3 hounds
  2 iguanas
  6 orc wizards
  7 adders
  A white imp (D:6)
  An ufetubus (D:5)
  2 dart slugs
  18 orcs
  6 endoplasms
  A giant cockroach (D:1)
  7 hobgoblins
  2 jackals (D:1)
  5 quokkas
  6 ball pythons
  2 bats (D:1)
  6 frilled lizards
  8 goblins
  5 kobolds
  7 rats
113 creatures vanquished.

Notes
Turn   | Place    | Note
-------+----------+-------------------------------------------
     0 | D:1      | AIAndy the Gargoyle Earth Elementalist began the quest for
                  | the Orb.
     0 | D:1      | Reached XP level 1. HP: 10/10 MP: 3/3
   306 | D:1      | Reached XP level 2. HP: 15/15 MP: 3/5
   311 | D:1      | Reached skill level 4 in Earth Magic
   647 | D:1      | Reached XP level 3. HP: 19/19 MP: 4/6
   651 | D:1      | Learned a level 3 spell: Stone Arrow
  1542 | D:2      | Reached XP level 4. HP: 24/24 MP: 5/8
  1781 | D:2      | Reached skill level 5 in Earth Magic
  2296 | D:3      | Reached XP level 5. HP: 28/28 MP: 7/10
  2738 | D:3      | Found a glowing silver altar of Zin.
  2860 | D:4      | Noticed an ogre
  2867 | D:4      | Killed an ogre
  2868 | D:4      | Reached skill level 6 in Earth Magic
  2941 | D:4      | Found an iron altar of Okawaru.
  3011 | D:4      | Noticed a sky beast
  3043 | D:5      | Entered Level 5 of the Dungeon
  3045 | D:5      | Reached XP level 6. HP: 32/32 MP: 10/12
  3128 | D:5      | Found Ymuomuh's Antique Armour Boutique.
  3133 | D:5      | Bought a bloodstained leather armour for 224 gold pieces
  3133 | D:5      | Identified the +0 leather armour "Hiurphawui" {-Tele Harm
                  | Dex+4} (You bought it in a shop on level 5 of the Dungeon)
  3482 | D:4      | Killed a sky beast
  3483 | D:4      | Reached skill level 5 in Spellcasting
  3483 | D:4      | Reached skill level 7 in Earth Magic
  3483 | D:4      | Reached XP level 7. HP: 33/36 MP: 8/14
  3875 | D:4      | Found a blossoming altar of Fedhas.
  4129 | D:5      | Noticed Edmund
  4240 | D:5      | Reached skill level 8 in Earth Magic
  4339 | D:5      | Found a staircase to the Ecumenical Temple.
  4355 | Temple   | Entered the Ecumenical Temple
  4530 | Temple   | Became a worshipper of Qazlal Stormbringer
  5119 | D:6      | Reached XP level 8. HP: 41/41 MP: 13/17
  5278 | D:6      | Reached skill level 9 in Earth Magic
  5557 | D:6      | Reached skill level 10 in Earth Magic
  5790 | D:6      | Reached XP level 9. HP: 40/45 MP: 15/20
  6073 | D:7      | Shot with a bolt by an orc warrior

Illustrated notes

Levels and vault maps discovered:
D:1:      dpeg_arrival_prison, layout_basic, minmay_quantized
D:2:      layout_rooms
D:3:      layout_loops_ring, lemuel_coloured_pillars_altar
D:4:      layout_basic, fedhas_altar_fruit_tree,
          hellmonk_okawaru_the_only_friend_you_need
D:5:      layout_loops_ring, temple_fountains, serial_shops,
          nicolae_stop_n_shop_2, kennysheep_flooded_box, uniq_edmund
D:6:      layout_basic, roderic_roman_lattice, hangedman_glass_teeth,
          grunt_ministairs_7, st_stairs_1
D:7:      minmay_the_grid_octo_triangle [minmay_the_grid_octo_tetromino_candy,
          minmay_the_grid_octo_prize_ultimate_mussel_roller,
          minmay_the_grid_octo_fan_narrow], layout_rooms, serial_bayou_pond_b
Temple:   nicolae_temple_bog_church

Skill      XL: |  1  2  3  4  5  6  7  8 |
---------------+-------------------------+-----
Earth Magic    | 4 5 6 7 8 10 | 10.3
Spellcasting   | 3 4 5 6 7 |  7.6
Dodging        | |  1.5
Stealth        | |  2.1
Transmutations | |  0.7

Action                     |  1- 3 |  4- 6 |  7- 9 || total
---------------------------+-------+-------+-------++-------
   Cast: Sandblast         |    53 |    55 |    86 ||   194
    Use: Scroll            |       |     7 |     3 ||    10
         Potion            |       |       |     1 ||     1
 Armour: Robe              |     7 |     1 |       ||     8
         Leather armour    |       |     4 |    18 ||    22
  Dodge: Dodged            |     5 |     5 |    33 ||    43
  Block: Buckler           |       |       |     3 ||     3
